| TOP OF THE 1ST |
|
Lynn Sailors batting - Pitching for Pawtucket Paw Sox : RHP Kevin McCoy
|
|
Pitching: RHP Kevin McCoy
|
|
|
Batting: RHB Ron Wotus
|
0-0: Called Strike 0-1: Ball 1-1: Fly out, F4 (Popup, 34S, EV 85.0 MPH)
|
|
Batting: RHB Jorge Hinojosa
|
0-0: Ball 1-0: Ball 2-0: Foul Ball, location: 2F 2-1: Ball 3-1: Base on Balls
|
|
Batting: RHB Mike Rubel
|
0-0: Ball 1-0: Foul Ball, location: 2F 1-1: Ball 2-1: Fly out, F8 (Line Drive, 8LM, EV 89.4 MPH)
|
|
Batting: RHB Ken Gerhart
|
0-0: Called Strike 0-1: Called Strike 0-2: Ball 1-2: Ball 2-2: Foul Ball, location: 2F 2-2: Foul Ball, location: 2F 2-2: Ball 3-2: Strikes out looking
|
| Top of the 1st over - 0 runs, 0 hits, 0 errors, 1 left on base; Lynn 0 - Pawtucket 0 |
| BOTTOM OF THE 1ST |
|
Pawtucket Paw Sox batting - Pitching for Lynn Sailors : RHP Joe Whitmer
|
|
Pitching: RHP Joe Whitmer
|
|
|
Batting: LHB Dave Haberle
|
0-0: Called Strike 0-1: Ball 1-1: Ball 2-1: Ball 3-1: Base on Balls
|
|
Batting: LHB Steven Garcia
|
0-0: Ball 1-0: Called Strike 1-1: Ball 2-1: Ball 3-1: Fly out, F9 (Flyball, 9S, EV 88.1 MPH)
|
|
Batting: LHB Jeff Stone
|
0-0: Called Strike Dave Haberle steals 2nd base (no throw) 0-1: Fly out, F8 (Flyball, 8LD, EV 83.8 MPH)
|
|
Batting: LHB William Hance
|
0-0: Ball 1-0: Ball 2-0: Called Strike 2-1: 2-RUN HOME RUN (Flyball, 89XD, EV 94.4 MPH), Distance : 444 ft
|
|
Batting: RHB Brick Smith
|
0-0: Ball 1-0: Ground out 1-4-3 (Groundball, 15S, EV 105.0 MPH)
|
| Bottom of the 1st over - 2 runs, 1 hit, 0 errors, 0 left on base; Lynn 0 - Pawtucket 2 |
| TOP OF THE 2ND |
|
Lynn Sailors batting - Pitching for Pawtucket Paw Sox : RHP Kevin McCoy
|
|
Batting: RHB Mike Reddish
|
0-0: Ground out 4-3 (Groundball, 34, EV 80.6 MPH)
|
|
Batting: RHB Ted Trevino
|
0-0: Called Strike 0-1: Reached on error, E1 (Groundball, 34S, EV 67.5 MPH)
|
|
Batting: RHB Vinny Jaramillo
|
0-0: Called Strike 0-1: Ball 1-1: Ball 2-1: Called Strike 2-2: Foul Ball, location: 2F 2-2: Ball 3-2: Ground out 6-3 (Groundball, 6S, EV 70.0 MPH) Ted Trevino to second
|
|
Batting: SHB Danny Gans
|
0-0: Ground out 4-3 (Groundball, 4S, EV 65.6 MPH)
|
| Top of the 2nd over - 0 runs, 0 hits, 1 error, 1 left on base; Lynn 0 - Pawtucket 2 |
| BOTTOM OF THE 2ND |
|
Pawtucket Paw Sox batting - Pitching for Lynn Sailors : RHP Joe Whitmer
|
|
Batting: LHB David Wiggins
|
0-0: Ball 1-0: Ball 2-0: Called Strike 2-1: Ball 3-1: Base on Balls
|
|
Batting: RHB Robert Duran
|
0-0: Ball 1-0: Called Strike 1-1: Ball 2-1: Ball 3-1: Base on Balls David Wiggins to second
|
|
Batting: LHB Steven Blackman
|
0-0: Foul Ball, location: 2F 0-1: Fly out, F8 (Flyball, 8LS, EV 76.3 MPH)
|
|
Batting: RHB Lenny Faedo
|
0-0: Ball 1-0: Called Strike 1-1: Grounds into double play, 6-4-3 (Groundball, 6, EV 88.8 MPH)
|
| Bottom of the 2nd over - 0 runs, 0 hits, 0 errors, 1 left on base; Lynn 0 - Pawtucket 2 |
| TOP OF THE 3RD |
|
Lynn Sailors batting - Pitching for Pawtucket Paw Sox : RHP Kevin McCoy
|
|
Batting: RHB Ezequiel Carrasco
|
0-0: Swinging Strike 0-1: Swinging Strike 0-2: Fly out, F9 (Flyball, 9S, EV 88.1 MPH)
|
|
Batting: RHB Ron Wotus
|
0-0: Ball 1-0: Ball 2-0: Swinging Strike 2-1: Fly out, F8 (Flyball, 8LS, EV 90.6 MPH)
|
|
Batting: RHB Jorge Hinojosa
|
0-0: Fly out, F9 (Flyball, 9S, EV 72.5 MPH)
|
| Top of the 3rd over - 0 runs, 0 hits, 0 errors, 0 left on base; Lynn 0 - Pawtucket 2 |
| BOTTOM OF THE 3RD |
|
Pawtucket Paw Sox batting - Pitching for Lynn Sailors : RHP Joe Whitmer
|
|
Batting: LHB Dave Haberle
|
0-0: Called Strike 0-1: Ball 1-1: Ball 2-1: Ball 3-1: Swinging Strike 3-2: Strikes out swinging
|
|
Batting: LHB Steven Garcia
|
0-0: Ground out 6-3 (Groundball, 6, EV 100.0 MPH)
|
|
Batting: LHB Jeff Stone
|
0-0: Swinging Strike 0-1: Swinging Strike 0-2: Ball 1-2: Strikes out swinging
|
| Bottom of the 3rd over - 0 runs, 0 hits, 0 errors, 0 left on base; Lynn 0 - Pawtucket 2 |
| TOP OF THE 4TH |
|
Lynn Sailors batting - Pitching for Pawtucket Paw Sox : RHP Kevin McCoy
|
|
Batting: RHB Mike Rubel
|
0-0: Called Strike 0-1: Called Strike 0-2: Strikes out looking
|
|
Batting: RHB Ken Gerhart
|
0-0: Called Strike 0-1: Foul Ball, location: 2F 0-2: Foul Ball, location: 2F 0-2: Foul Ball, location: 2F 0-2: Ball 1-2: Foul Ball, location: 2F 1-2: Ball 2-2: Ground out U3 (Groundball, 34S, EV 85.0 MPH)
|
|
Batting: RHB Mike Reddish
|
0-0: Fly out, F8 (Flyball, 8LM, EV 81.9 MPH)
|
| Top of the 4th over - 0 runs, 0 hits, 0 errors, 0 left on base; Lynn 0 - Pawtucket 2 |
| BOTTOM OF THE 4TH |
|
Pawtucket Paw Sox batting - Pitching for Lynn Sailors : RHP Joe Whitmer
|
|
Batting: LHB William Hance
|
0-0: Ball 1-0: Ball 2-0: Ball 3-0: Called Strike 3-1: Base on Balls
|
|
Batting: RHB Brick Smith
|
0-0: Ball 1-0: Grounds into double play, 4-6-3 (Groundball, 4, EV 104.4 MPH)
|
|
Batting: LHB David Wiggins
|
0-0: Foul Ball, location: 2F 0-1: Foul Ball, location: 2F 0-2: Strikes out swinging
|
| Bottom of the 4th over - 0 runs, 0 hits, 0 errors, 0 left on base; Lynn 0 - Pawtucket 2 |
| TOP OF THE 5TH |
|
Lynn Sailors batting - Pitching for Pawtucket Paw Sox : RHP Kevin McCoy
|
|
Batting: RHB Ted Trevino
|
0-0: Ball 1-0: Ball 2-0: Ball 3-0: Called Strike 3-1: Fly out, F8 (Flyball, 78S, EV 90.6 MPH)
|
|
Batting: RHB Vinny Jaramillo
|
0-0: Ball 1-0: Swinging Strike 1-1: Ground out 4-3 (Groundball, 4MS, EV 85.0 MPH)
|
|
Batting: SHB Danny Gans
|
0-0: Ball 1-0: Swinging Strike 1-1: Ball 2-1: Foul Ball, location: 2F 2-2: Foul Ball, location: 2F 2-2: Ball 3-2: Base on Balls
|
|
Batting: RHB Ezequiel Carrasco
|
0-0: Ball 1-0: Ground out 5-3 (Groundball, 15, EV 88.8 MPH)
|
| Top of the 5th over - 0 runs, 0 hits, 0 errors, 1 left on base; Lynn 0 - Pawtucket 2 |
| BOTTOM OF THE 5TH |
|
Pawtucket Paw Sox batting - Pitching for Lynn Sailors : RHP Joe Whitmer
|
|
Batting: RHB Robert Duran
|
0-0: SINGLE (Line Drive, 9S, EV 86.9 MPH)
|
|
Batting: LHB Steven Blackman
|
0-0: Grounds into double play, 4-6-3 (Groundball, 4, EV 102.5 MPH)
|
|
Batting: RHB Lenny Faedo
|
0-0: Ball 1-0: Foul Ball, location: 2F 1-1: Fly out, F6 (Flyball, 5D, EV 86.9 MPH)
|
| Bottom of the 5th over - 0 runs, 1 hit, 0 errors, 0 left on base; Lynn 0 - Pawtucket 2 |
| TOP OF THE 6TH |
|
Lynn Sailors batting - Pitching for Pawtucket Paw Sox : RHP Kevin McCoy
|
|
Batting: RHB Ron Wotus
|
0-0: Ball 1-0: Ball 2-0: Swinging Strike 2-1: Called Strike 2-2: Strikes out swinging
|
|
Batting: RHB Jorge Hinojosa
|
0-0: Ball 1-0: DOUBLE (Line Drive, 7LD, EV 104.4 MPH)
|
|
Batting: RHB Mike Rubel
|
0-0: Called Strike 0-1: Swinging Strike 0-2: Ball 1-2: Strikes out swinging
|
|
Batting: RHB Ken Gerhart
|
0-0: Foul Ball, location: 2F 0-1: SINGLE (Groundball, 34S, EV 60.6 MPH) (infield hit) Jorge Hinojosa to third
|
|
Batting: RHB Mike Reddish
|
0-0: Ball 1-0: Foul Ball, location: 2F 1-1: Called Strike 1-2: Strikes out swinging
|
| Top of the 6th over - 0 runs, 2 hits, 0 errors, 2 left on base; Lynn 0 - Pawtucket 2 |
| BOTTOM OF THE 6TH |
|
Pawtucket Paw Sox batting - Pitching for Lynn Sailors : RHP Joe Whitmer
|
|
Batting: LHB Dave Haberle
|
0-0: Swinging Strike 0-1: Swinging Strike 0-2: Foul Ball, location: 2F 0-2: Ball 1-2: Ball 2-2: SINGLE (Line Drive, 4D, EV 95.0 MPH)
|
|
Batting: LHB Steven Garcia
|
0-0: Ball Dave Haberle steals 2nd base 1-0: Ground out 6-3 (Groundball, 6S, EV 67.5 MPH) Dave Haberle to third
|
|
Batting: LHB Jeff Stone
|
0-0: Ball 1-0: Foul Ball, location: 2F 1-1: Ground out 4-3 (Groundball, 4, EV 103.1 MPH)
|
|
Batting: LHB William Hance
|
0-0: Intentional Walk
|
|
Batting: RHB Brick Smith
|
0-0: Ball 1-0: Foul Ball, location: 2F 1-1: Foul Ball, location: 2F 1-2: Ball 2-2: Fly out, F9 (Line Drive, 9, EV 90.0 MPH)
|
| Bottom of the 6th over - 0 runs, 1 hit, 0 errors, 2 left on base; Lynn 0 - Pawtucket 2 |
| TOP OF THE 7TH |
|
Lynn Sailors batting - Pitching for Pawtucket Paw Sox : RHP Kevin McCoy
|
|
Batting: RHB Ted Trevino
|
0-0: Ball 1-0: Swinging Strike 1-1: Ball 2-1: Foul Ball, location: 2F 2-2: Ball 3-2: Foul Ball, location: 2F 3-2: Foul Ball, location: 2F 3-2: SINGLE (Groundball, 5D, EV 100.0 MPH)
|
|
Batting: RHB Vinny Jaramillo
|
0-0: Ball 1-0: Ball 2-0: Ball 3-0: Base on Balls Ted Trevino to second
|
|
Batting: SHB Danny Gans
|
0-0: Reached on error, E1 (Groundball, 13S, EV 43.8 MPH) Ted Trevino to third Vinny Jaramillo to second
|
|
Batting: RHB Ezequiel Carrasco
|
0-0: Called Strike 0-1: Foul Ball, location: 2F 0-2: Foul Ball, location: 2F 0-2: Fly out, F3 (Popup, 3F, EV 74.4 MPH)
|
|
Batting: RHB Ron Wotus
|
0-0: Swinging Strike 0-1: Ball 1-1: Ball 2-1: Swinging Strike 2-2: Strikes out swinging
|
|
Batting: RHB Jorge Hinojosa
|
0-0: Ball 1-0: Foul Ball, location: 2F 1-1: Swinging Strike 1-2: Strikes out looking
|
| Top of the 7th over - 0 runs, 1 hit, 1 error, 3 left on base; Lynn 0 - Pawtucket 2 |
| BOTTOM OF THE 7TH |
|
Pawtucket Paw Sox batting - Pitching for Lynn Sailors : RHP Joe Whitmer
|
|
Batting: LHB David Wiggins
|
0-0: Ball 1-0: Ground out 5-3 (Groundball, 56, EV 95.6 MPH)
|
|
Batting: RHB Robert Duran
|
0-0: Ball 1-0: Ball 2-0: Fly out, F9 (Flyball, 9LS, EV 88.8 MPH)
|
|
Batting: LHB Steven Blackman
|
0-0: SINGLE (Flyball, 5D, EV 83.8 MPH)
|
|
Batting: RHB Lenny Faedo
|
0-0: Ball Steven Blackman is caught stealing 2nd base 2-4
|
| Bottom of the 7th over - 0 runs, 1 hit, 0 errors, 0 left on base; Lynn 0 - Pawtucket 2 |
| TOP OF THE 8TH |
|
Lynn Sailors batting - Pitching for Pawtucket Paw Sox : RHP Kevin McCoy
|
|
Batting: RHB Mike Rubel
|
0-0: Foul Ball, location: 2F 0-1: Swinging Strike 0-2: Ball 1-2: Ball 2-2: Foul Ball, location: 2F 2-2: Foul Ball, location: 2F 2-2: SOLO HOME RUN (Flyball, 8RXD, EV 100.6 MPH), Distance : 446 ft
|
|
Batting: RHB Ken Gerhart
|
0-0: Called Strike 0-1: Ball 1-1: Ground out 6-3 (Groundball, 6, EV 103.8 MPH)
|
|
Batting: RHB Mike Reddish
|
0-0: Swinging Strike 0-1: SINGLE (Flyball, 6MD, EV 90.0 MPH)
|
|
Batting: RHB Ted Trevino
|
0-0: Called Strike 0-1: Fielders Choice at 2nd, 4-6 (Groundball, 4, EV 85.0 MPH)
|
|
Batting: RHB Vinny Jaramillo
|
0-0: Ball 1-0: Ball 2-0: Ball 3-0: Base on Balls Ted Trevino to second
|
|
Batting: SHB Danny Gans
|
0-0: Swinging Strike 0-1: Called Strike 0-2: Ball 1-2: Strikes out looking
|
| Top of the 8th over - 1 run, 2 hits, 0 errors, 2 left on base; Lynn 1 - Pawtucket 2 |
| BOTTOM OF THE 8TH |
|
Pawtucket Paw Sox batting - Pitching for Lynn Sailors : RHP Joe Whitmer
|
|
Batting: RHB Lenny Faedo
|
0-0: Called Strike 0-1: Foul Ball, location: 2F 0-2: Fly out, F9 (Flyball, 9, EV 91.3 MPH)
|
|
Batting: LHB Dave Haberle
|
0-0: Ground out U3 (Groundball, 3, EV 102.5 MPH)
|
|
Batting: LHB Steven Garcia
|
0-0: Ball 1-0: Foul Ball, location: 2F 1-1: Foul Ball, location: 2F 1-2: Foul Ball, location: 2F 1-2: SINGLE (Groundball, 4MS, EV 74.4 MPH) (infield hit)
|
|
Batting: LHB Jeff Stone
|
0-0: Ground out 4-3 (Groundball, 4, EV 82.5 MPH)
|
| Bottom of the 8th over - 0 runs, 1 hit, 0 errors, 1 left on base; Lynn 1 - Pawtucket 2 |
| TOP OF THE 9TH |
|
Lynn Sailors batting - Pitching for Pawtucket Paw Sox : RHP Kevin McCoy
|
|
Pitching: RHP Terry McAnnally
|
|
|
Now at 1B: Ted Cox
|
|
|
Now at 2B: Gary Hargis
|
|
|
Pinch Hitting: LHB Tony Merulla
|
0-0: Ball 1-0: Foul Ball, location: 2F 1-1: Ground out 6-3 (Groundball, 6, EV 86.3 MPH)
|
|
Batting: RHB Ron Wotus
|
0-0: Called Strike 0-1: Foul Ball, location: 2F 0-2: Strikes out looking
|
|
Batting: RHB Jorge Hinojosa
|
0-0: Ball 1-0: SINGLE (Flyball, 8LS, EV 91.3 MPH)
|
|
Batting: RHB Mike Rubel
|
0-0: Called Strike 0-1: Ball 1-1: Foul Ball, location: 2F 1-2: Ball 2-2: Ball 3-2: Ground out 6-3 (Groundball, 4M, EV 88.8 MPH)
|
| Top of the 9th over - 0 runs, 1 hit, 0 errors, 1 left on base; Lynn 1 - Pawtucket 2 |
|